Map: Ice and Chrome LE

Players

Throwfordays - Winner!

  • Race: Zerg Zerg
  • League: Silver
  • Spawn Location: 7:00

VOD

Have the link to the VOD?

Description

Time

  • Played on: July 5, 2020, 6:06 p.m.
  • Length: 5:55
Show
View Real Time Build Order
Export as new Build Order

Throwfordays Zerg - Winner!

Build Orders:  

Get SALT Encoding   

  12  0:01  Drone  
  13  0:18  Overlord  
  13  0:24  Drone  
  14  0:45  Drone  
  15  1:05  Hatchery  
  15  1:08  Drone  
  15  1:13  Drone  
  16  1:35  Spawning Pool  
  16  1:39  Drone  
  16  1:48  Extractor, Drone  
  16  1:52  Drone  
  16  1:57  Drone  
  18  2:11  Overlord  
  18  2:40  Queen  
  18  2:45  Zergling x4  
  18  2:47  Queen  
  24  2:51  Zergling x2  
  24  2:56  Zergling x2  
  26  3:11  Drone  
  26  3:19  Zergling x2  
  28  3:20  Zergling x2  
  29  3:45  Baneling Nest  
  28  3:52  Zergling x4  
  28  3:56  Zergling x6  
  33  4:12  Extractor, Drone  
  33  4:14  Metabolic Boost  
  33  4:26  Overlord x2  
Tags
 
League
Silver
Matchup
Co-op
Replay Pack
Multiplayer
Add a new tag
Caveats
  • Supply blocks, unpowered buildings, or Contaminate may cause inaccurate times.
  • Supply counts are checked every 10 seconds.